 Dungeon Crawl Stone Soup version 0.29-a0-559-g359e09b9d1 (webtiles) character file.

Game seed: 10507782662159235700

21 vulpzor the Ducker (level 2, -7/34 HPs)
             Began as a Merfolk Gladiator on June 11, 2022.
             Was a Believer of Zin.
             Killed by an exploding hobgoblin (10 damage)
             ... ignited by their inner flame
             ... on level 1 of the Dungeon.
             The game lasted 00:03:48 (346 turns).

vulpzor the Ducker (Merfolk Gladiator)               Turns: 346, Time: 00:03:52

Health: -7/34      AC:  6    Str: 14    XL:     2   Next: 87%
Magic:  2/2        EV: 12    Int:  7    God:    Zin [**....]
Gold:   29         SH:  0    Dex: 15    Spells: 1/1 levels left

rFire   . . .      SeeInvis .   a - +0 trident
rCold   . . .      Faith    .   (no shield)
rNeg    . . .      Spirit   .   f - +0 ring mail
rPois   +          Reflect  .   c - +0 helmet
rElec   .          Harm     .   (no cloak)
rCorr   .          Rampage  .   (no gloves)
Will    .....                   (no boots)
Stlth   ..........              (no amulet)
HPRegen 0.11/turn               i - ring of poison resistance
MPRegen 0.08/turn               (no ring)

@: berserking, very quick
A: (nimble swimmer 2), mertail
a: Renounce Religion, Recite, Vitalisation, Donate Gold


You were on level 1 of the Dungeon.
You worshipped Zin.
Zin was pleased with you.
You visited 1 branch of the dungeon, and saw 1 of its levels.

You collected 65 gold pieces.
You donated 36 gold pieces to Zin.

Inventory:

Hand Weapons
 a - a +0 trident (weapon)
Missiles
 d - 3 throwing nets (quivered)
 e - a javelin
Armour
 b - a +0 leather armour
 c - a +0 helmet (worn)
 f - a +0 ring mail (worn)
 j - a +0 scale mail
Jewellery
 i - a ring of poison resistance (left hand)
Potions
 k - a potion of invisibility {unknown}


   Skills:
 + Level 2.5 Fighting
 + Level 4.3 Polearms
 + Level 2.2 Throwing
 * Level 4.6 Dodging


You had one spell level left.
You didn't know any spells.
Your spell library contained the following spells:

 Spells                   Type           Power      Damage    Failure   Level
 Blink                    Tloc           0%         N/A       82%         2
 Lesser Beckoning         Tloc           0%         N/A       96%         3
 Manifold Assault         Tloc           0%         N/A       100%        5


Dungeon Overview and Level Annotations

Branches:
Dungeon (1/15)

Altars:
Zin


Innate Abilities, Weirdness & Mutations

((You are very nimble when in or above water. (Stealth+, EV+, Speed+++)))
Your lower body shifts to a powerful aquatic tail in water.


Message History

You closely miss the hobgoblin. The bat closely misses you.
The bat completely misses you. The hobgoblin completely misses you.
The hobgoblin hits you. The endoplasm completely misses you.
You barely miss the hobgoblin. The bat closely misses you.
The hobgoblin misses you. The endoplasm freezes you.
You are frozen.
* * * LOW HITPOINT WARNING * * *
The hobgoblin misses you.
Okay, then.
As you read the scroll labelled RIGILEO KUTURPH, it crumbles to dust.
The creatures around you are filled with an inner flame!
It was a scroll of immolation.
The hobgoblin barely misses you. The endoplasm closely misses you.
The hobgoblin closely misses you. The bat hits you but does no damage.
It was a potion of berserk rage.
A red film seems to cover your vision as you go berserk!
You feel yourself moving faster!
You feel mighty! The bat hits you.
* * * LOW HITPOINT WARNING * * *
The hobgoblin hits you.
* * * LOW HITPOINT WARNING * * *
The endoplasm barely misses you. The hobgoblin misses you.
You miss the bat. The bat hits you but does no damage.
The hobgoblin hits you but does no damage.
The hobgoblin closely misses you.
The endoplasm hits you but does no damage.
You closely miss the bat. The bat closely misses you.
The hobgoblin hits you but does no damage.
The hobgoblin misses you. The endoplasm barely misses you.
The bat barely misses you.
You puncture the bat!
You kill the bat!
You puncture the endoplasm!
The endoplasm explodes!
The fiery explosion engulfs the hobgoblin!!! x2
The fiery explosion engulfs you!! Zin protects you from harm!
The hobgoblin explodes!
The fiery explosion engulfs you!
You die...

#...$.?....#
#..........# ###
#..........# ## ##
...##..........#
.####.. ..............
..#.[.. #..........
....≈.. #.....§§§####
≈..≈... #....#.§§§..#
≈≈≈.... ##)§@§#.##
.≈≈≈≈..
...#..).....#######
..≈≈≈≈≈
...................####
.≈≈≈≈..
......#.)..#.#####..†.#
≈≈≈.... #.####...###.#
####.### ≈..≈... #
#...# #.# #.... ....≈..
#....# #.# #####
..#.... #...## #.## #..
.####.. .....# #..# #.#


There were no monsters in sight!

Vanquished Creatures
  2 bats (D:1)
  5 endoplasms (D:1)
  3 hobgoblins (D:1)
  2 jackals (D:1)
  A quokka (D:1)
  3 ball pythons (D:1)
  4 goblins (D:1)
  2 rats (D:1)
22 creatures vanquished.

Notes
Turn   | Place    | Note
-------+----------+-------------------------------------------
     0 | D:1      | vulpzor the Merfolk Gladiator began the quest for the Orb.
     0 | D:1      | Reached XP level 1. HP: 16/16 MP: 1/1
    21 | D:1      | Found a faded altar of an unknown god.
    41 | D:1      | Prayed at the altar of an unknown god.
    41 | D:1      | Became a worshipper of Zin the Law-Giver
    41 | D:1      | Reached * piety under Zin
    93 | D:1      | Reached XP level 2. HP: 19/23 MP: 2/2
   230 | D:1      | Reached ** piety under Zin
   249 | D:1      | Donated 30 gold pieces to Zin
   346 | D:1      | Zin protects you from harm!
   346 | D:1      | Killed by an exploding hobgoblin... ignited by their inner
                  | flame

Illustrated notes

Levels and vault maps discovered:
D:1:      eino_arrival_water_star, layout_rooms,
          hellmonk_ecumenical_altar_arch_garden

Action                   || total
-------------------------++-------
Melee: Trident           ||    58
Invok: Donate Gold       ||     1
  Use: Scroll            ||     1
       Potion            ||     1
Armor: Ring mail         ||    28
Dodge: Dodged            ||    50

Table legend: (Time is in decaauts)
 A = Elapsed time spent in this place.
 B = Non-inter-level travel time spent in this place.
 C = Inter-level travel time spent in this place.
 D = Time resting spent in this place.
 E = Time spent auto-exploring this place.
 F = Levels seen in this place.
 G = Mean time per level.
                   A        B        C        D        E       F      G
               +--------+--------+--------+--------+--------+-----+--------+
         Total |    347 |    347 |      0 |      0 |    180 |   1 |  347.0 |
       Dungeon |    347 |    347 |      0 |      0 |    180 |   1 |  347.0 |
               +--------+--------+--------+--------+--------+-----+--------+

Top non-repeatable levels by time:
     D:1: 347 daAuts
